 Dungeon Crawl Stone Soup version 0.25-a0-435-g4b9beb1024 (webtiles) character file.

Game seed: 3156586733070311408, levelgen mode: deterministic

251 Kohma the Grave Robber (level 5, 0/36 HPs)
             Began as a Demonspawn Necromancer on Jan 28, 2020.
             Succumbed to a crimson imp's poison
             ... on level 4 of the Dungeon.
             The game lasted 00:12:07 (4518 turns).

Kohma the Grave Robber (Demonspawn Necromancer)     Turns: 4518, Time: 00:12:08

Health: 0/36       AC: 10    Str:  8    XL:     5   Next: 88%
Magic:  10/10      EV:  9    Int: 24    God:
Gold:   156        SH:  0    Dex: 13    Spells: 2/11 levels left

rFire    + + .     SeeInvis .   r - +0 whip (pain)
rCold    + . .     Gourm    .   (no shield)
rNeg     . . .     Faith    .   m - +3 leather armour of Plasticity {rF+ Int+4}
rPois    .         Spirit   .   (no helmet)
rElec    .         Reflect  .   w - scarf {rC+ rF+}
rCorr    .         Harm     .   u - +1 pair of gloves
MR       .....                  (no boots)
Stlth    +.........             (no amulet)
HPRegen  0.12/turn              i - +2 ring of intelligence
MPRegen  0.12/turn              y - -2 ring of evasion (curse)

@: lethally poisoned (0 -> -6), hasted, lightly drained, very quick
A: claws 1, icy blue scales 1, powered by death 1
a: no special abilities


You were on level 4 of the Dungeon.
You were hungry.

You visited 1 branch of the dungeon, and saw 4 of its levels.

You collected 156 gold pieces.

Inventory:

Hand Weapons
 b - a +0 hunting sling
 d - a +0 dagger
 r - a +0 whip of pain (weapon)
 A - a +2 vorpal long sword
Missiles
 k - 15 poisoned darts (quivered)
Armour
 a - a +0 robe
 m - the +3 leather armour of Plasticity (worn) {rF+ Int+4}
   (You found it on level 4 of the Dungeon)

   It affects your intelligence (+4).
   It protects you from fire.
   If you remove this armour, your AC will fall 6 points (10 -> 4)
 s - a +0 cloak
 u - a +1 pair of gloves (worn)
 w - a scarf of resistance (worn)
 z - a +0 shield
Jewellery
 i - a +2 ring of intelligence (left hand)
 x - an uncursed ring of flight
 y - a cursed -2 ring of evasion (right hand)
Scrolls
 f - 2 scrolls of teleportation
 g - a scroll of amnesia
Potions
 e - a potion of brilliance {unknown}
 h - 2 potions of curing
 j - 2 potions of resistance {unknown}
 l - a potion of lignification {unknown}
 p - a potion of magic {unknown}
 q - a potion of degeneration {unknown}
 t - a potion of cancellation {unknown}
 D - a potion of mutation {unknown}
Comestibles
 c - 6 rations


   Skills:
 + Level 0.3(0.0) Fighting
 - Level 2.0(1.5) Dodging
 - Level 1.7(1.3) Stealth
 + Level 3.5(3.0) Spellcasting
 * Level 6.9(6.4) Necromancy


You had 2 spell levels left.
You knew the following spells:

 Your Spells              Type           Power        Failure   Level  Hunger
a - Pain                  Necr           ####         1%          1    None
b - Animate Skeleton      Necr           N/A          1%          1    None
c - Vampiric Draining     Necr           ####......   3%          3    ###....
d - Animate Dead          Necr           N/A          11%         4    ####...

Your spell library contained the following spells:

 Spells                   Type           Power        Failure   Level  Hunger
 Agony                    Necr           ####....     30%         5    ######.


Dungeon Overview and Level Annotations

Branches:
Dungeon (4/15)
 Temple: D:4-7

Altars:
Fedhas
Xom
The Shining One

Annotations:
D:2 exclusion: oklob plant
D:4 1 runed translucent door, LSt's ghost, amateur OpTm


Innate Abilities, Weirdness & Mutations

You have sharp fingernails.
You are partially covered in icy blue scales. (AC +2)
You regenerate a little health from kills.


Message History

The crimson imp blinks!
The crimson imp hits you but does no damage.
You hit the crimson imp but do no damage.
The crimson imp is moderately wounded.
The crimson imp hits you but does no damage.
The crimson imp blinks!
You closely miss the crimson imp.
The crimson imp is moderately wounded.
You feel sick.
The crimson imp hits you but does no damage.
You are more poisoned.
You closely miss the crimson imp.
The crimson imp is lightly wounded.
The crimson imp hits you with a +2 dagger of chaos.
You are electrocuted!!
Ouch! That really hurt!
* * * LOW HITPOINT WARNING * * *
You hit the crimson imp.
The crimson imp is moderately wounded.
You die...

...... ....
...... ....
##......
....
#.......
....
.....5..
.... #..5..
.... ##..#
.... ##<..#
.... #.5@.#
.#..
##....# ###
#.....'._
##....#...#
#....#^#.#
#.5..# # #
#....#
#####. #.


You could see 3 crimson imps.

Vanquished Creatures
  Terence (D:2)
  A hound skeleton (D:4)
  9 adders
  4 gnolls (D:3)
  An ooze (D:1)
  A worm (D:3)
  3 dart slugs
  2 leopard geckos
  3 bats
  5 giant cockroaches
  9 goblins
  5 hobgoblins
  10 jackals
  3 quokkas
  2 ball pythons (D:4)
  2 frilled lizards (D:1)
  7 kobolds
  A leopard gecko skeleton (D:4)
  4 rats
73 creatures vanquished.

Vanquished Creatures (collateral kills)
  A worm (D:2)
  A dart slug (D:2)
  A goblin (D:2)
  A jackal (D:2)
  A bat (D:2)
5 creatures vanquished.

Vanquished Creatures (others)
  15 toadstools (D:2)
15 creatures vanquished.

Grand Total: 93 creatures vanquished

Notes
Turn   | Place    | Note
-------+----------+-------------------------------------------
     0 | D:1      | Kohma the Demonspawn Necromancer began the quest for the
                  | Orb.
     0 | D:1      | Reached XP level 1. HP: 13/13 MP: 3/3
   332 | D:1      | Learned a level 1 spell: Animate Skeleton
   587 | D:1      | Gained mutation: You have sharp fingernails. [demonic
                  | ancestry]
   587 | D:1      | Reached XP level 2. HP: 18/19 MP: 0/5
  1379 | D:1      | Reached skill level 5 in Necromancy
  1484 | D:1      | Reached XP level 3. HP: 24/24 MP: 4/6
  1938 | D:2      | Noticed Terence
  2027 | D:2      | Killed Terence
  2027 | D:2      | Gained mutation: You are partially covered in icy blue
                  | scales. (AC +2) [demonic ancestry]
  2027 | D:2      | Reached XP level 4. HP: 20/30 MP: 2/8
  2389 | D:2      | Learned a level 3 spell: Vampiric Draining
  2434 | D:2      | Found a blossoming altar of Fedhas.
  2455 | D:2      | Noticed an oklob plant
  2528 | D:2      | Reached skill level 6 in Necromancy
  3266 | D:3      | Gained mutation: You regenerate a little health from kills.
                  | [demonic ancestry]
  3266 | D:3      | Reached XP level 5. HP: 32/35 MP: 5/9
  3535 | D:3      | Found a glowing golden altar of the Shining One.
  4130 | D:4      | Found a runed translucent door.
  4130 | D:4      | Noticed LSt's ghost (amateur OpTm)
  4427 | D:4      | Got a spiked leather armour
  4444 | D:3      | Identified the +3 leather armour of Plasticity {rF+ Int+4}
                  | (You found it on level 4 of the Dungeon)
  4449 | D:3      | Learned a level 4 spell: Animate Dead
  4474 | D:4      | Found a shimmering altar of Xom.
  4517 | D:4      | HP: 1/36 [crimson imp/+2 dagger of chaos (20)]
  4518 | D:4      | Succumbed to a crimson imp's poison

Levels and vault maps discovered:
D:1:      lightli_arrival_maybe_door_vault, layout_basic
D:2:      layout_rooms, nicolae_overflow_hidden_temple, first_ration,
          kennysheep_donut, chequers_serial_rivers_large_b, tgw_fedhas,
          uniq_terence
D:3:      layout_loops_ring, lemuel_coloured_pillars_altar,
          kennysheep_generic_room_14
D:4:      layout_cave_pools, serial_glass, glass_columns_c, glass_columns_a,
          glass_columns_a, glass_columns_b, due_unseen_surprise,
          minmay_strange_pillars, hellmonk_ghost_happy_afterlife, led_xom_imps

Skill      XL: |  1  2  3  4 |
---------------+-------------+-----
Dodging        | 2 |  2.0
Necromancy     | 5 6 |  6.9
Spellcasting   | 3 |  3.5
Fighting       | |  0.3
Stealth        | |  1.7

Action                   |  1- 3 |  4- 6 || total
-------------------------+-------+-------++-------
Melee: Unarmed           |    14 |       ||    14
       Dagger            |    14 |     2 ||    16
       Whip              |       |    86 ||    86
Throw: Dart              |     2 |       ||     2
 Cast: Pain              |    55 |    92 ||   147
       Animate Skeleton  |     7 |     8 ||    15
  Use: Scroll            |       |     7 ||     7
 Stab: Distracted        |     1 |       ||     1
       Sleeping          |       |     2 ||     2
  Eat: Chunk             |     4 |     7 ||    11
Armor: Robe              |     9 |    16 ||    25
       Leather armour    |       |    44 ||    44
Dodge: Dodged            |    39 |    77 ||   116

Table legend:
 A = Non-vault XP
 B = Vault XP
 C = Vault XP percentage of total XP
 D = Non-vault monster count
 E = Vault monster count
 F = Vault count percentage of total count
                 A         B        C        D         E       F
            +---------+---------+-------+---------+---------+-------
      Total |     310 |      49 |  13.6 |      75 |       3 |   3.8
            +---------+---------+-------+---------+---------+-------
        D:1 |      47 |       0 |   0.0 |      23 |       0 |   0.0
        D:2 |     100 |      33 |  24.8 |      26 |       1 |   3.7
        D:3 |     121 |      16 |  11.7 |      18 |       2 |  10.0
        D:4 |      42 |       0 |   0.0 |       8 |       0 |   0.0
            +---------+---------+-------+---------+---------+-------
